 Dungeon Crawl Stone Soup version 0.19.0 (webtiles) character file.

842 Danakh the Chopper (level 7, 0/61 HPs)
             Began as a Minotaur Fighter on Nov 7, 2016.
             Slain by an ogre
             ... wielding a +0 giant spiked club
              (26 damage)
             ... on level 5 of the Dungeon.
             The game lasted 00:10:21 (3340 turns).

Danakh the Chopper (Minotaur Fighter)               Turns: 3340, Time: 00:10:21

Health: 0/61       AC: 15    Str: 22    XL:     7   Next: 67%
Magic:  15/15      EV:  7    Int:  5    God:
Gold:   106        SH: 14    Dex: 10    Spells: 0 memorised, 6 levels left

rFire  . . .     SeeInvis .     a - +0 war axe
rCold  . . .     Gourm    .     q - +0 plate armour
rNeg   . . .     Faith    .     c - +0 shield
rPois  .         Spirit   .     (helmet restricted)
rElec  .         Reflect  +     (no cloak)
rCorr  .         Harm     .     D - +0 pair of gloves
MR     .....                    E - +0 pair of boots
Stlth  ..........               n - +4 amulet of reflection
                                H - ring of magical power
                                x - +3 ring of evasion

@: no status effects
A: retaliatory headbutt, horns 2
a: no special abilities


You were on level 5 of the Dungeon.
You were very hungry.

You visited 1 branch of the dungeon, and saw 5 of its levels.

You collected 106 gold pieces.

Inventory:

Hand Weapons
 a - a +0 war axe (weapon)
Armour
 b - a +0 scale mail
 c - a +0 shield (worn)
 j - a +0 pair of gloves
 q - a +0 plate armour (worn)
 D - a +0 pair of gloves (worn)
 E - a +0 pair of boots (worn)
Jewellery
 n - a +4 amulet of reflection (around neck)
 x - a +3 ring of evasion (left hand)
 H - a ring of magical power (right hand)
Scrolls
 g - 3 scrolls of blinking {unknown}
 h - 3 scrolls of amnesia {unknown}
 i - a scroll of noise {unknown}
 l - a scroll of teleportation {unknown}
 m - 5 scrolls of identify {unknown}
 o - a scroll of remove curse {unknown}
 r - a scroll of enchant armour {unknown}
 s - 2 scrolls of recharging {unknown}
 w - a scroll of magic mapping {unknown}
 y - 2 scrolls of fear {unknown}
 B - a scroll of enchant weapon {unknown}
Potions
 d - a potion of might
 e - 3 potions of curing {unknown}
 p - a potion of resistance {unknown}
 t - a potion of lignification {unknown}
 u - a potion of heal wounds {unknown}
 v - 2 potions of brilliance {unknown}
 A - 2 potions of mutation {unknown}
 G - 2 potions of agility {unknown}
Comestibles
 f - 4 bread rations
 k - a beef jerky
 z - a slice of pizza
 C - a fruit
 F - 4 meat rations


   Skills:
 + Level 5.6 Fighting
 * Level 7.2 Axes
 + Level 6.1 Armour
 + Level 5.6 Shields


You had 6 spell levels left.
You didn't know any spells.

Dungeon Overview and Level Annotations

Branches:
Dungeon (5/15)
 Temple: D:4-7

Altars:
Gozag

Shops:
D:4 :

Annotations:
D:5 Duvessa


Innate Abilities, Weirdness & Mutations

You reflexively headbutt those who attack you in melee.
You have a pair of horns on your head.


Message History

Duvessa hits you with a short sword of flaming!
Duvessa burns you. The crimson imp closely misses you.
You block the adder's attack.
Unknown command.
You slash Duvessa!
Duvessa is severely wounded.
You miss the crimson imp. You slash the adder!
You kill the adder!
You block Duvessa's attack. The crimson imp barely misses you.
Duvessa hits you with a short sword of flaming!
Duvessa burns you.
You slash Duvessa!
Duvessa is almost dead.
You miss the crimson imp.
Your plate armour prevents you from hitting the ogre.
You block Duvessa's attack.
The crimson imp shouts, "Accept thy doom, thou pribbling saucy vassal!"
The crimson imp hits you but does no damage.
The ogre hits you with a giant spiked club!!
You die...

......#
.....# ###
#....#
#..###....#
#......)..#
#.........#
......5Oe#
#?..@.#
#.....#
##.....#
#...)..#
#......#
#......#
###....#
#...<#
#....#


You could see Duvessa (berserk), an ogre and a crimson imp.

Vanquished Creatures
  An ogre (D:4)
  Dowan (D:5)
  2 scorpions (D:4)
  A howler monkey (D:4)
  A hound (D:4)
  An orc priest (D:4)
  A gnoll shaman (D:4)
  2 orc wizards (D:4)
  2 worker ants (D:4)
  Natasha (thrice) (D:2)
  10 gnolls
  6 adders
  4 river rats (D:4)
  3 oozes
  An adder skeleton (D:4)
  4 worms
  4 dart slugs
  5 leopard geckos
  11 orcs
  2 ball pythons
  2 bats
  4 giant cockroaches
  7 goblins
  8 hobgoblins
  5 kobolds
  3 quokkas
  7 frilled lizards
  9 rats
110 creatures vanquished.

Notes
Turn   | Place    | Note
-------+----------+-------------------------------------------
     0 | D:1      | Danakh the Minotaur Fighter began the quest for the Orb.
     0 | D:1      | Reached XP level 1. HP: 19/19 MP: 0/0
   222 | D:1      | Reached XP level 2. HP: 27/27 MP: 1/1
   341 | D:1      | Reached skill level 3 in Axes
   843 | D:2      | Noticed Natasha
   846 | D:2      | Noticed a crimson imp
   850 | D:2      | Noticed a crimson imp
   854 | D:2      | Killed Natasha
   854 | D:2      | Reached XP level 3. HP: 21/33 MP: 2/2
   954 | D:2      | Reached XP level 4. HP: 28/40 MP: 3/3
   968 | D:2      | Reached skill level 4 in Axes
  1452 | D:2      | Noticed Natasha
  1458 | D:2      | Killed Natasha
  1481 | D:2      | Noticed Natasha
  1482 | D:2      | Reached XP level 5. HP: 47/47 MP: 4/4
  1487 | D:2      | Killed Natasha
  1517 | D:2      | Found an opulent altar of Gozag.
  2084 | D:3      | Reached skill level 5 in Armour
  2085 | D:3      | Reached skill level 5 in Axes
  2492 | D:4      | Reached XP level 6. HP: 53/53 MP: 5/5
  2667 | D:4      | Reached skill level 5 in Fighting
  2703 | D:4      | Reached skill level 5 in Shields
  2779 | D:4      | Reached skill level 6 in Axes
  2779 | D:4      | Reached XP level 7. HP: 61/61 MP: 6/6
  2791 | D:4      | Found Rinub's Book Emporium.
  3267 | D:4      | Reached skill level 7 in Axes
  3326 | D:5      | Entered Level 5 of the Dungeon
  3330 | D:5      | Noticed Dowan
  3332 | D:5      | Noticed Duvessa
  3338 | D:5      | Killed Dowan
  3340 | D:5      | Slain by an ogre

Skill      XL: |  1  2  3  4  5  6  7 |
---------------+----------------------+-----
Axes           | 3 4 5 6 7 |  7.2
Fighting       | 4 5 |  5.6
Armour         | 4 5 6 |  6.1
Shields        | 4 5 |  5.6

Action                   |  1- 3 |  4- 6 |  7- 9 || total
-------------------------+-------+-------+-------++-------
Melee: War axe           |    68 |   178 |    82 ||   328
       Headbutt          |    11 |    27 |     9 ||    47
  Eat: Chunk             |       |     6 |     1 ||     7
Armor: Scale mail        |    23 |       |       ||    23
       Plate armour      |     1 |    55 |    20 ||    76
Dodge: Dodged            |    20 |    36 |    20 ||    76
Block: Shield            |    45 |   129 |    64 ||   238
       Reflection        |       |     4 |     2 ||     6
